 Dungeon Crawl Stone Soup version 0.32-a0-886-g41c5271027 (webtiles) character file.

Game seed: 6865289162251243222

146 Autsider the Magician (level 5, -5/45 HPs)
             Began as an Oni Hedge Wizard on Apr 2, 2024.
             Slain by Blork the orc
             ... wielding a +0 hand axe
              (7 damage)
             ... on level 3 of the Dungeon.
             The game lasted 00:08:17 (3605 turns).

Autsider the Magician (Oni Hedge Wizard)            Turns: 3605, Time: 00:08:17

Health: -5/45      AC:  3    Str: 14    XL:     5   Next: 28%
Magic:  2/11       EV:  8    Int: 17    God:
Gold:   141        SH:  0    Dex:  8    Spells: 4/12 levels left

rFire   . . .        j - +0 club
rCold   . . .        (no shield)
rNeg    . . .        (body armour restricted)
rPois   +            f - +2 hat
rElec   .            (no cloak)
rCorr   .            (gloves unavailable)
SInv    .            (boots unavailable)
Will    .....        (no amulet)
Stlth   +            n - ring of poison resistance
HPRegen 0.27/turn    (no ring)
MPRegen 0.12/turn

%: no passive effects
@: no status effects
A: large, unfitting armour, horns 1, tough skin 1, double potion healing,
drunken brawling
a: no special abilities


You were on level 3 of the Dungeon.
You visited 1 branch of the dungeon, and saw 4 of its levels.

You collected 141 gold pieces.

Inventory:

Hand Weapons
 j - a +0 club (weapon)
Armour
 f - a +2 hat (worn)
Jewellery
 n - a ring of poison resistance (left hand)
Scrolls
 a - a scroll of noise
 g - a scroll of amnesia
 o - a scroll of enchant armour {unknown}
 r - a scroll of teleportation {unknown}
 s - a scroll of vulnerability {unknown}
Potions
 b - 2 potions of attraction
 c - 2 potions of resistance
 d - a potion of magic
 e - 2 potions of haste {unknown}
 h - a potion of curing {unknown}
 p - a potion of lignification {unknown}
 q - a potion of cancellation {unknown}


   Skills:
 - Level 1.7 Dodging
 - Level 1.4 Stealth
 - Level 4.0 Spellcasting
 + Level 3.0 Conjurations
 + Level 3.0 Summonings
 - Level 0.8 Translocations


You had 4 spell levels left.
You knew the following spells:

 Your Spells              Type           Power      Damage    Failure   Level
a - Magic Dart            Conj           52%        1d5       4%          1
w - Mephitic Cloud        Conj/Alch/Air  6%         N/A       30%         3
z - Blink                 Tloc           12%        N/A       17%         2
A - Call Imp              Summ           26%        N/A       7%          2

Your spell library contained the following spells:

 Spells                   Type           Power      Damage    Failure   Level
 Slow                     Hex            12%        N/A       16%         1
 Cigotuvi's Dreadful Rot  Necr/Alch/Air  6%         N/A       24%         2


Dungeon Overview and Level Annotations

Branches:
Dungeon (4/15)
 Temple: D:4-7

Altars:

Annotations:
D:2 exclusion: downstairs
D:3 exclusions: 2 downstairs and 1 more exclusion, Blork the orc
D:4 2 runed translucent doors, Grinder; junkhipster's ghost, amateur FoFi


Innate Abilities, Weirdness & Mutations

You are too large for most types of armour.
You have a pair of small horns on your head.
You have tough skin. (AC +1)
You gain doubled healing and magic from potions.
Whenever you drink a healing potion, you attack all around you.


Message History

Blork the orc hits you with a +0 hand axe.
* * * LOW HITPOINT WARNING * * *
Blork the orc misses your cerulean imp.
Blork the orc points at you and mumbles some strange words.
The puff of flame hits you.
* * * LOW HITPOINT WARNING * * *
Casting: Call Imp (safe; 7% risk of failure)
Confirm with . or Enter, or press ? or * to list all spells.
Aiming: Magic Dart (safe; 4% risk of failure)
Press: ? - help, Shift-Dir - straight line, f - Blork the orc
Aim: Blork the orc, wielding a +0 hand axe and wearing a +0 robe (lightly wounded, fast, ally target, 100% to hit)
The magic dart hits Blork the orc.
Blork the orc is moderately wounded.
Blork the orc gestures at you while chanting.
The puff of flame hits you.
* * * LOW HITPOINT WARNING * * *
Your cerulean imp hits Blork the orc but does no damage.
Casting: Magic Dart (safe; 4% risk of failure)
Confirm with . or Enter, or press ? or * to list all spells.
Aiming: Magic Dart (safe; 4% risk of failure)
Press: ? - help, Shift-Dir - straight line, f/p - Blork the orc
Aim: Blork the orc, wielding a +0 hand axe and wearing a +0 robe (moderately wounded, fast, ally target, 100% to hit)
The magic dart hits Blork the orc but does no damage.
Blork the orc is moderately wounded.
Blork the orc casts a spell at you. The magic dart hits you!
* * * LOW HITPOINT WARNING * * *
Blork the orc barely misses you.
Blork the orc hits your cerulean imp but does no damage.
Your cerulean imp hits Blork the orc with a -3 spear.
Casting: Magic Dart (safe; 4% risk of failure)
Confirm with . or Enter, or press ? or * to list all spells.
Aiming: Magic Dart (safe; 4% risk of failure)
Press: ? - help, Shift-Dir - straight line, f/p - Blork the orc
Aim: Blork the orc, wielding a +0 hand axe and wearing a +0 robe (moderately wounded, fast, ally target, 100% to hit)
The magic dart hits Blork the orc but does no damage.
Blork the orc is moderately wounded.
Blork the orc hits you with a +0 hand axe!
You die...
Blork the orc shouts, "I believe in me!"

..# #...# #.......)# ..# #...#
##.###..†.# ..# #...# #..#.......
..# #...#########..##.....#
..##### #..............##......
..#...#####..............##.....<
..'............5>......<.##.....#
..#....####.÷..#o#######.#......#
.......# ##+#.#@#..#....####...#
.......## #.#.#.#..#...........#
........# #.#.÷....#..#######..#
........# #.#.#.####..####.##..#
........# #................##..#
...#########.#.#.####..####.##..#
.................####.......##..#
(...................#..#######..#
...........###...##.#..# #..#


You could see Blork the orc (fast, ally target) and a friendly cerulean imp
(summoned).

Vanquished Creatures
  Jessica (D:3)
  Terence (D:3)
  A gnoll (D:1)
  An adder (D:3)
  A dart slug (D:1)
  An orc (D:3)
  4 ball pythons
  8 endoplasms
  3 giant cockroaches
  8 goblins
  4 hobgoblins
  7 kobolds
  A quokka (D:1)
  3 bats
  3 frilled lizards
  5 rats
52 creatures vanquished.

Vanquished Creatures (collateral kills)
  2 adders
2 creatures vanquished.

Grand Total: 54 creatures vanquished

Notes
Turn   | Place    | Note
-------+----------+-------------------------------------------
     0 | D:1      | Autsider the Oni Hedge Wizard began the quest for the Orb.
     0 | D:1      | Reached XP level 1. HP: 16/16 MP: 5/5
    39 | D:1      | Reached skill level 1 in Conjurations
    39 | D:1      | Reached skill level 1 in Summonings
   181 | D:1      | Reached XP level 2. HP: 19/24 MP: 0/6
   184 | D:1      | Learned a level 2 spell: Call Imp
   248 | D:1      | Learned a level 2 spell: Blink
   622 | D:1      | Reached skill level 4 in Spellcasting
   711 | D:1      | Reached XP level 3. HP: 23/31 MP: 0/8
  2076 | D:2      | Reached XP level 4. HP: 39/39 MP: 8/10
  2080 | D:2      | Learned a level 3 spell: Mephitic Cloud
  2422 | D:3      | Noticed Jessica
  2432 | D:3      | Killed Jessica
  3173 | D:3      | Noticed Terence
  3190 | D:3      | Reached XP level 5. HP: 21/45 MP: 3/11
  3203 | D:3      | Killed Terence
  3365 | D:4      | Noticed Grinder
  3400 | D:4      | Noticed Blork the orc
  3513 | D:4      | Noticed junkhipster's ghost (amateur FoFi)
  3513 | D:4      | Found a runed translucent gate.
  3513 | D:4      | Found a runed translucent gate.
  3604 | D:3      | HP: 2/45 [Blork the orc/magic dart (8)]
  3605 | D:3      | Slain by Blork the orc

Illustrated notes

Levels and vault maps discovered:
D:1:      onia_arrival_mini_spirals, layout_rooms, wad_woods_river_04
D:2:      layout_loops_ring
D:3:      layout_basic, uniq_jessica, uniq_terence
D:4:      layout_cave_pools, minitemple,
          mainiacjoe_overflow_concentric_impassable, gammafunk_ghost_cemetery,
          serial_shops, kennysheep_little_box,
          serial_library_hellmonk_hallway_b, minmay_stone_trees_medium,
          uniq_blork_the_orc, uniq_sigmund, uniq_grinder

Skill      XL: |  1  2  3  4  5 |
---------------+----------------+-----
Conjurations   | 1 2 3 |  3.0
Summonings     | 1 2 3 |  3.0
Spellcasting   | 4 |  4.0
Dodging        | |  1.7
Stealth        | |  1.4
Translocations | |  0.8

Action                     |  1- 3 |  4- 6 || total
---------------------------+-------+-------++-------
  Melee: Unarmed           |     8 |       ||     8
         Dagger            |     1 |       ||     1
         Club              |    63 |     9 ||    72
         Headbutt          |    25 |     2 ||    27
   Cast: Magic Dart        |    88 |    51 ||   139
         Call Imp          |     2 |     6 ||     8
         Mephitic Cloud    |       |     1 ||     1
    Use: Scroll            |       |     7 ||     7
 Armour: Skin              |    13 |    20 ||    33
         Robe              |     1 |       ||     1
  Dodge: Dodged            |     8 |    13 ||    21

Table legend: (Time is in decaauts)
 A = Elapsed time spent in this place.
 B = Non-inter-level travel time spent in this place.
 C = Inter-level travel time spent in this place.
 D = Time resting spent in this place.
 E = Time spent auto-exploring this place.
 F = Levels seen in this place.
 G = Mean time per level.
                   A        B        C        D        E       F      G
               +--------+--------+--------+--------+--------+-----+--------+
         Total |   3632 |   3410 |    222 |     85 |   2779 |   4 |  908.0 |
       Dungeon |   3632 |   3410 |    222 |     85 |   2779 |   4 |  908.0 |
               +--------+--------+--------+--------+--------+-----+--------+

Top non-repeatable levels by time:
     D:3: 1263 daAuts
     D:2: 1176 daAuts
     D:1: 1158 daAuts
     D:4: 33 daAuts
